 Dungeon Crawl Stone Soup version 0.25-a0-1136-gc1285e62ab (webtiles) character file.

Game seed: 11332442253441969167, levelgen mode: deterministic

125 Nixze the Skirmisher (level 5, 0/57 HPs)
             Began as an Ogre Fighter on May 22, 2020.
             Slain by an orc
             ... wielding a +0 dagger
              (5 damage)
             ... on level 3 of the Dungeon.
             The game lasted 00:03:51 (2350 turns).

Nixze the Skirmisher (Ogre Fighter)                 Turns: 2350, Time: 00:03:52

Health: 0/57       AC:  5    Str: 19 (21) XL:     5   Next: 9%
Magic:  5/5        EV:  8    Int:  8 (9)  God:
Gold:   73         SH:  8    Dex:  6 (8)  Spells: 4/4 levels left

rFire    . . .     SeeInvis .   a - +0 long sword
rCold    . . .     Gourm    .   c - +0 kite shield
rNeg     . . .     Faith    .   b - +0 robe
rPois    +         Spirit   .   (helmet restricted)
rElec    .         Reflect  .   (no cloak)
rCorr    .         Harm     .   (gloves unavailable)
MR       .....                  (boots unavailable)
Stlth    +.........             (no amulet)
HPRegen  0.19/turn              (no ring)
MPRegen  0.09/turn              (no ring)

@: mighty
A: large, unfitting armour, thin metallic scales 1, poison resistance, screaming
1, tough skin 1
a: no special abilities


You were on level 3 of the Dungeon.
You were hungry.

You visited 1 branch of the dungeon, and saw 3 of its levels.

You collected 73 gold pieces.

Inventory:

Hand Weapons
 a - a +0 long sword (weapon)
Missiles
 j - 117 stones
 o - 33 poisoned darts (quivered)
Armour
 b - a +0 robe (worn)
 c - a +0 kite shield (worn)
Wands
 r - a wand of polymorph (11)
Scrolls
 g - a scroll of fog {unknown}
 i - 2 scrolls of amnesia {unknown}
 k - 2 scrolls of remove curse {unknown}
 n - a scroll of teleportation {unknown}
Potions
 e - a potion of mutation
 h - 2 potions of degeneration
Comestibles
 f - 8 rations


   Skills:
 + Level 5.3 Fighting
 + Level 3.0 Long Blades
 - Level 2.6 Dodging
 + Level 3.6 Shields


You had 4 spell levels left.
You didn't know any spells.
Your spell library was empty.

Dungeon Overview and Level Annotations

Branches:
Dungeon (3/15)

Altars:


Innate Abilities, Weirdness & Mutations

You are too large for most types of armour.
You have tough skin. (AC +1)
You are partially covered in thin metallic scales. (AC +2)
Your system is resistant to poisons. (rPois)
You occasionally shout uncontrollably at your foes.


Message History

The gnoll hits you from afar with a +0 spear.
* * * LOW HITPOINT WARNING * * *
The orc hits you but does no damage.
You closely miss the orc. The orc barely misses you.
You closely miss the orc.
The gnoll hits you from afar with a +0 spear.
* * * LOW HITPOINT WARNING * * *
The orc hits you with a +0 dagger.
* * * LOW HITPOINT WARNING * * *
The gnoll hits you from afar with a +0 spear.
* * * LOW HITPOINT WARNING * * *
The gnoll hits you with a +0 spear.
* * * LOW HITPOINT WARNING * * *
You feel very mighty all of a sudden. You block the gnoll's attack.
The orc barely misses you.
You slash the gnoll!
You kill the gnoll!
You have reached level 5!
You block the orc's attack. The orc hits you with a +0 dagger.
You die...

.#
#.......####.#
.#########.....#
.#
.........)...#.#
#
..##...######.#
# #.#. ##..# .#
.# #...###..# .#
.. #.....# #.
#.#o..#
#.##)@...#
#.l###..#
#.#)..#.## #.
..###.# #. .##.
..# #. .# . .. #
.. .. .# #. ## #


You could see an orc and a frilled lizard.

Vanquished Creatures
  2 gnolls
  6 adders
  An ooze (D:3)
  3 dart slugs
  A leopard gecko (D:1)
  9 bats
  A giant cockroach (D:1)
  4 hobgoblins
  A frilled lizard (D:1)
  5 goblins
  6 kobolds
  9 rats
48 creatures vanquished.

Notes
Turn   | Place    | Note
-------+----------+-------------------------------------------
     0 | D:1      | Nixze the Ogre Fighter began the quest for the Orb.
     0 | D:1      | Reached XP level 1. HP: 24/24 MP: 1/1
   136 | D:1      | Reached XP level 2. HP: 16/33 MP: 2/2
   670 | D:1      | Reached XP level 3. HP: 40/40 MP: 3/3
  1456 | D:2      | Reached XP level 4. HP: 36/49 MP: 4/4
  1457 | D:2      | Reached skill level 5 in Fighting
  1841 | D:3      | Gained mutation: You occasionally shout uncontrollably at
                  | your foes. [potion of mutation]
  1841 | D:3      | Gained mutation: You are partially covered in thin metallic
                  | scales. (AC +2) [potion of mutation]
  1841 | D:3      | Gained mutation: Your system is resistant to poisons.
                  | (rPois) [potion of mutation]
  1841 | D:3      | HP: 1/50 [adder (2)]
  2350 | D:3      | Reached XP level 5. HP: 5/57 MP: 5/5
  2350 | D:3      | Slain by an orc

Illustrated notes

Levels and vault maps discovered:
D:1:      nicolae_arrival_memento_mori, layout_loops_ring, minivault_24
D:2:      layout_basic, serial_bayou_lagoon_a, uniq_natasha
D:3:      layout_loops_cross, minmay_starry_boxes

Skill      XL: |  1  2  3  4 |
---------------+-------------+-----
Long Blades    | 2 3 |  3.0
Shields        | 3 |  3.6
Fighting       | 5 |  5.3
Dodging        | |  2.6

Action                   |  1- 3 |  4- 6 || total
-------------------------+-------+-------++-------
Melee: Long sword        |    95 |    75 ||   170
Throw: Dart              |     5 |     6 ||    11
  Use: Potion            |       |     7 ||     7
  Eat: Chunk             |     2 |     2 ||     4
Armor: Robe              |    39 |    26 ||    65
Dodge: Dodged            |    56 |    44 ||   100
Block: Kite shield       |    43 |    44 ||    87
       Rpst.: Long sword |    16 |    12 ||    28

Table legend:
 A = Non-vault XP
 B = Vault XP
 C = Vault XP percentage of total XP
 D = Non-vault monster count
 E = Vault monster count
 F = Vault count percentage of total count
                 A         B        C        D         E       F
            +---------+---------+-------+---------+---------+-------
      Total |     159 |      20 |  11.2 |      43 |       5 |  10.4
            +---------+---------+-------+---------+---------+-------
        D:1 |      51 |       0 |   0.0 |      21 |       0 |   0.0
        D:2 |      58 |       0 |   0.0 |       9 |       0 |   0.0
        D:3 |      50 |      20 |  28.6 |      13 |       5 |  27.8
            +---------+---------+-------+---------+---------+-------
